Map: Zen LE

Players

llllllllllll

  • Race: Terran Terran
  • League: Grandmaster
  • Spawn Location: 7:00

MikeHawk - Winner!

  • Race: Terran Terran
  • League: Master
  • Spawn Location: 1:00

VOD

Have the link to the VOD?

Description

Time

  • Played on: Dec. 18, 2019, 2:05 p.m.
  • Length: 7:06
Show
View Real Time Build Order
Export as new Build Order

llllllllllll Terran 

Build Orders: Reaper Expand 

Get SALT Encoding   

  12  0:01  SCV  
  13  0:13  SCV  
  14  0:17  Supply Depot  
  14  0:25  SCV  
  15  0:38  SCV  
  15  0:40  Barracks  
  16  0:46  Refinery  
  16  0:50  SCV  
  17  1:02  SCV  
  18  1:14  SCV  
  19  1:27  Orbital Command  
  19  1:28  Reaper  
  20  1:40  Command Center  
  20  1:50  Supply Depot  
  20  1:54  SCV  
  20  2:00  Refinery  
  20  2:01  Reaper  
  22  2:06  SCV  
  23  2:19  SCV  
  24  2:25  Factory  
  24  2:31  SCV  
  25  2:43  SCV  
  26  2:44  Barracks Reactor  
  26  2:52  Orbital Command  
  26  2:54  Bunker  
  26  2:55  SCV  
  27  3:07  SCV  
  27  3:10  Starport  
  28  3:19  SCV x2  
  30  3:25  Hellion  
  30  3:26  Hellion  
  34  3:28  Barracks Tech Lab  
  34  3:31  SCV x2  
  34  3:33  Supply Depot  
  36  3:43  SCV x2  
  36  3:46  Supply Depot  
  36  3:47  Hellion x2  
  43  3:55  SCV x2  
  43  3:56  Barracks Tech Lab  
  43  3:57  Supply Depot  
  43  4:02  Raven  
  44  4:07  SCV  
  44  4:08  SCV  
  48  4:12  Command Center  
  48  4:19  SCV  
  48  4:23  SCV  
  53  4:24  Cyclone  
  52  4:32  SCV  
  52  4:37  SCV  
  53  4:44  SCV, Refinery  
  53  4:45  Refinery  
  56  4:46  Barracks  
  56  4:47  Barracks  
  56  4:50  SCV  
  55  4:56  SCV  
  55  4:57  Engineering Bay  
  56  5:00  Engineering Bay  
  56  5:01  Siege Tank, Viking  
  56  5:05  SCV  
  62  5:09  Supply Depot  
  62  5:10  Marine  
  62  5:11  Stimpack  
  62  5:12  SCV  
  64  5:17  SCV  
  64  5:20  Viking  
  67  5:24  SCV  
  66  5:31  SCV  
  67  5:36  SCV  
  68  5:43  Barracks Reactor x2, SCV, Marine  
  68  5:47  Siege Tank  
  73  5:51  SCV  
  73  5:54  Viking  
  73  5:55  SCV  
  76  6:00  Marine  
  76  6:03  SCV  
  78  6:05  Viking  
  78  6:07  SCV  
  81  6:11  Orbital Command  
  82  6:18  Marine  
  82  6:20  Barracks  
  82  6:21  Armory  
  82  6:22  Barracks  
  82  6:23  SCV, Refinery  
  82  6:24  Supply Depot  
  83  6:32  SCV  
  74  6:36  Marine  
Show
View Real Time Build Order
Export as new Build Order

MikeHawk Terran - Winner!

Build Orders:  

Get SALT Encoding   

  12  0:00  SCV  
  13  0:12  SCV  
  14  0:17  Supply Depot  
  14  0:25  SCV  
  14  0:27  Refinery  
  15  0:38  SCV  
  16  0:44  Barracks  
  16  0:50  SCV  
  16  0:55  Refinery  
  17  1:02  SCV  
  18  1:15  SCV  
  19  1:32  Orbital Command  
  19  1:33  Factory  
  19  1:34  Reaper  
  20  1:46  Supply Depot  
  20  1:57  SCV  
  21  2:07  Reaper  
  22  2:09  SCV  
  23  2:17  Hellion  
  23  2:21  SCV  
  26  2:26  Command Center  
  26  2:33  SCV  
  27  2:39  Hellion  
  27  2:41  Supply Depot  
  29  2:45  Barracks Reactor, SCV  
  30  2:53  Starport  
  30  2:57  SCV  
  31  3:00  Factory Tech Lab  
  31  3:10  SCV  
  32  3:15  Refinery  
  32  3:19  Cyclone  
  35  3:22  SCV, Marine  
  35  3:24  Marine  
  38  3:29  Starport Tech Lab  
  38  3:34  SCV  
  39  3:38  Orbital Command  
  39  3:42  Marine x2  
  39  3:46  SCV  
  42  3:49  Raven  
  44  3:56  Siege Tank  
  44  3:59  SCV  
  48  4:03  SCV, Marine  
  48  4:04  Marine  
  51  4:11  Supply Depot  
  51  4:15  SCV  
  51  4:16  SCV  
  53  4:21  Marine  
  54  4:30  Supply Depot  
  54  4:32  Raven, SCV x2, Marine  
  54  4:35  Siege Tank  
  60  4:39  Marine  
  61  4:46  SCV  
  61  4:51  Supply Depot, Marine  
  61  4:52  SCV  
  64  4:53  Supply Depot  
  64  4:57  Marine  
  65  5:00  SCV  
  65  5:04  SCV  
  67  5:07  Siege Tank  
  70  5:14  SCV  
  70  5:16  SCV  
  72  5:21  Viking  
  72  5:22  Viking  
  72  5:23  Stimpack, Marine  
  76  5:33  Command Center  
  76  5:39  SCV x2, Supply Depot, Siege Tank  
  76  5:41  Marine  
  82  5:51  SCV  
  82  5:52  SCV  
  82  5:56  Viking  
  86  6:01  Viking  
  86  6:02  Supply Depot  
  86  6:03  SCV  
  86  6:04  SCV, Marine  
  91  6:11  Siege Tank  
  91  6:12  Barracks  
  91  6:15  Barracks  
  94  6:23  SCV x2  
  96  6:25  Supply Depot  
  96  6:27  Engineering Bay  
  96  6:28  Engineering Bay  
  92  6:35  SCV x2  
  97  6:48  SCV  
  97  6:52  SCV x2  
Tags
 
Add a new tag
Caveats
  • Supply blocks, unpowered buildings, or Contaminate may cause inaccurate times.
  • Supply counts are checked every 10 seconds.